 Dungeon Sprint DCSS version 0.31-b1-22-gc680215f68 (webtiles) character file.

Game seed: 4262715554877159759

14294 Groucho the Timeless (level 12, -5/123 HPs)
             Began as a Naga Fighter on Jan 19, 2024.
             Was a High Priest of Cheibriados.
             Killed from afar by a fire giant (59 damage)
             ... with a fireball
             ... in the Dungeon (Sprint V: "Ziggurat Sprint").
             The game lasted 00:07:56 (1525 turns).

Groucho the Timeless (Naga Fighter)                 Turns: 1525, Time: 00:07:57

Health: -5/123     AC: 29    Str: 45    XL:     12   Next: 15%
Magic:  11/26      EV:  1    Int: 27    God:    Cheibriados [*****.]
Gold:   0          SH: 32    Dex: 25    Spells: 31/31 levels left

rFire   . . .        a - +6 shillelagh "Devastator" {shatter}
rCold   . . .        c - +18 shield of the Gong {Loud rN+ Will+ rCorr EV-5}
rNeg    + . .        b - +15 Maxwell's patent armour {-Cast -Tele rElec Will+ rCorr}
rPois   +            (no helmet)
rElec   +            (no cloak)
rCorr   +            (no gloves)
SInv    +            (no barding)
Will    +++..        D - amulet of magic regeneration Stlth
                     A - +6 ring of strength
HPRegen 0.40/turn    B - +6 ring of strength
MPRegen 0.60/turn

%: no teleportation, no spellcasting
@: studying 2 skills, very slow
A: AC +4, large, see invisible, deformed body, poison resistance, slowness 2,
spit poison 1, naga tail 1
a: Spit Poison, Renounce Religion, Bend Time, Temporal Distortion, Slouch, Step
From Time


You were in the Dungeon.
You worshipped Cheibriados.
Cheibriados was extremely pleased with you.
You visited 1 branch

Inventory:

Hand Weapons
 a - the +6 shillelagh "Devastator" (weapon) {shatter}
   (You found it in the Dungeon)
 L - the +4 consecrated labrys {holy, Valiant ^Fragile Fly SInv}
   (You found it in the Dungeon)

   Valiant:   It becomes more powerful as more dangerous foes come into view.
   SInv:      It lets you see invisible.
   Fly:       It grants you flight.
   ^Fragile:  It will be destroyed if unequipped.
 M - the +8 whip "Snakebite" {venom, curare, rPois}
   (You found it in the Dungeon)

   rPois:     It protects you from poison
 N - the +6 arbalest "Damnation" {damnation}
   (You found it in the Dungeon)
Missiles
 H - 2 boomerangs
Armour
 b - the +15 Maxwell's patent armour (worn) {-Cast -Tele rElec Will+ rCorr}
   (You found it in the Dungeon)

   rElec:     It insulates you from electricity.
   Will+:     It increases your willpower.
   -Cast:     It prevents spellcasting.
   -Tele:     It prevents most forms of teleportation.
   rCorr:     It protects you from acid and corrosion.
 c - the +18 shield of the Gong (worn) {Loud rN+ Will+ rCorr EV-5}
   (You found it in the Dungeon)

   Loud:      It is deafeningly noisy when blocking attacks.
   EV-5:      It affects your evasion (-5).
   rN+:       It protects you from negative energy.
   Will+:     It increases your willpower.
   rCorr:     It protects you from acid and corrosion.
Magical Staves
 G - the staff "Widy" {rElec rC++ MP+9 Dex-4 Earth}
   (You found it in the Dungeon)

   [staff of earth]

   Base accuracy: +5 Base damage: 5 Base attack delay: 1.2 This weapon's minimum
   attack delay (0.6) is reached at skill level 12.
   Dex-4:     It affects your dexterity (-4).
   rC++:      It greatly protects you from cold.
   rElec:     It insulates you from electricity.
   MP+9:      It affects your magic capacity (+9).
   Earth:     It increases the power of your Earth spells.
   It falls into the 'Staves' category.
   It is a one-handed weapon.
Jewellery
 v - a ring of flight
 w - a +6 ring of dexterity
 x - a +6 ring of dexterity
 y - a +6 ring of intelligence
 z - a +6 ring of intelligence
 A - a +6 ring of strength (left hand)
 B - a +6 ring of strength (right hand)
 D - an amulet of magic regeneration (around neck)
 E - the amulet "Voiqi" {Reflect rPois rCorr Str-4 Int+8 SH+5}
   (You found it in the Dungeon)

   [amulet of reflection]

   Reflect:   It reflects blocked missile attacks.
   Str-4:     It affects your strength (-4).
   Int+8:     It affects your intelligence (+8).
   rPois:     It protects you from poison rCorr: It protects you from acid and
   corrosion.
   SH+5:      It affects your SH (+5).
 F - a ring of willpower
 I - a ring of protection from fire
 J - a +6 ring of dexterity
 K - a +4 ring of slaying
Wands
 s - a wand of mindburst (25)
 t - a wand of iceblast (22)
 u - a wand of acid (11)
 C - a wand of paralysis (16)
Scrolls
 j - 4 scrolls of blinking
 k - 4 scrolls of amnesia
 l - 7 scrolls of fog
 m - 5 scrolls of identify
 n - 2 scrolls of fear
Potions
 d - 6 potions of might
 e - 10 potions of curing
 f - 10 potions of heal wounds
 g - 6 potions of haste
 h - 7 potions of magic
 i - 3 potions of berserk rage
 o - 2 potions of brilliance
 p - 2 potions of invisibility
 q - 4 potions of resistance
 r - a potion of experience


   Skills:
 + Level 12.9 Fighting
 + Level 12.8 Maces & Flails
 * Level 12.3 Armour
 + Level 11.5 Shields
 * Level 10.4 Spellcasting
 - Level 14.0 Invocations


You had 31 spell levels left.
You didn't know any spells.
Your spell library contained the following spells:

 Spells                   Type           Power      Damage    Failure   Level
 Cigotuvi's Dreadful Rot  Necr/Alch/Air  28%        N/A       28%         2
 Lesser Beckoning         Tloc           28%        N/A       28%         2
 Gell's Gravitas          Tloc           14%        N/A       50%         3
 Stone Arrow              Conj/Erth      28%        3d8       50%         3
 Teleport Other           Tloc           14%        N/A       50%         3
 Anguish                  Hex/Necr       7%         N/A       88%         4
 Animate Armour           Summ/Erth      28%        N/A       88%         4
 Cause Fear               Hex            7%         N/A       88%         4
 Dispel Undead            Necr           14%        3d10      88%         4
 Martyr's Knell           Necr/Summ      14%        N/A       88%         4
 Fireball                 Conj/Fire      7%         3d5       99%         5
 Summon Forest            Summ/Tloc      7%         N/A       99%         5
 Summon Mana Viper        Hex/Summ       14%        N/A       99%         5
 Death Channel            Necr           7%         N/A       100%        6
 Eringya's Noxious Bog    Alch           7%         4d6       100%        6
 Summon Cactus Giant      Summ           7%         N/A       100%        6
 Enfeeble                 Hex            7%         N/A       100%        7
 Summon Hydra             Summ           7%         N/A       100%        7
 Lehudib's Crystal Spear  Conj/Erth      7%         10d3      100%        8
 Dragon's Call            Summ           7%         N/A       100%        9


Dungeon Overview and Level Annotations

Branches:
Dungeon (1/1)

Altars:
Ashenzari
Cheibriados
Dithmenos
Elyvilon
Fedhas
Gozag
Hepliaklqana
Kikubaaqudgha
Makhleb
Nemelex Xobeh
Okawaru
Qazlal
Ru
Sif Muna
Trog
Uskayaw
Vehumet
Wu Jian
Xom
Yredelemnul
Zin
The Shining One
Jiyva
Lugonu


Innate Abilities, Weirdness & Mutations

Your serpentine skin is tough. (AC +4)
You have supernaturally acute eyesight. (SInv)
Armour fits poorly on your strangely shaped body.
Your system is resistant to poisons. (rPois)
You cover ground very slowly.
You can spit poison.
You have a snake-like lower body.


Message History

The hell hog breathes fire at you.
The fireball explodes!
The fireball engulfs you!
The fire giant moves out of view.
The hell hog squeals angrily. x2; The fire giant shouts! x3; You hear a shout!
Unknown command.
Unknown command.
Activating: Slouch (0% risk of failure)
Press: ? - help, Dir - look around, f - activate You can feel time thicken for a moment.
Unknown command.
Unknown command.
Unknown command.
Activating: Slouch (0% risk of failure)
Press: ? - help, Dir - look around, f - activate You can feel time thicken for a moment.
You kill the hell hog!
Cheibriados appreciates the change of pace.
You kill the hell hog!
Cheibriados appreciates the change of pace.
You kill the hell hog!
Cheibriados appreciates the change of pace.
You kill the hell hog!
Cheibriados thoroughly appreciates the change of pace.
The salamander tyrant rends the earth beneath you!
The blast of magma engulfs you!!!
Your Armour skill increases to level 12!
Your Spellcasting skill increases to level 10!
You have reached level 12!
You feel clever.
Your skin feels tougher.
Activating: Slouch (0% risk of failure)
Press: ? - help, Dir - look around, f - activate You can feel time thicken for a moment.
You kill the salamander tyrant!
Cheibriados appreciates the change of pace.
You kill the salamander tyrant!
Cheibriados appreciates the change of pace.
Cheibriados lowers the support of your attributes as your movement quickens.
The fire giant points at you and mumbles some strange words.
The fireball explodes!
The fireball engulfs you!!!
You die...

▓▓▓▓▓▓▓▓▓▓▓
▓...)[C:)...▓...8©8...▓
▓...........▓....)|[..▓
▓..C....C..†▓...)))...▓
▓...C†C.....▓..)...)..▓
▓......†....▓...)))...▓
..▓.n...▓..▓.........▓
▓.▓..≈▓.▓ ▓.........▓
▓..▓.≈@≈.▓..▓.▓.....▓.▓
▓....≈©≈....▓....©....▓
▓▓▓▓▓▓▓▓▓▓▓▓▓▓▓▓▓▓▓▓▓▓▓
▓...8©8...▓...8©8...▓..
▓..|"==...▓..)[=))..▓..
▓....).=..▓..)||....▓..
▓....)....▓..††††...▓..
▓.........▓...†.†...▓..
▓.........▓.........▓..


You could see a searing wretch and 5 fire giants.

Vanquished Creatures
  A tentacled starspawn (D)
  A deep elf sorcerer (D)
  A deep elf demonologist (D)
  A hydra (D)
  Erolcha (D)
  2 salamander tyrants (D)
  Erica (D)
  4 hell hogs (D)
  3 deep elf pyromancers (D)
  A cane toad (D)
  An orange demon (D)
  A large abomination (D)
  2 komodo dragons (D)
  5 merfolk (D)
  A tarantella (D)
  Sigmund (D)
  A jumping spider (D)
  A water elemental (D)
  An air elemental (D)
  A basilisk (D)
  2 yaks (D)
  A fire elemental (D)
  Eustachio (D)
  Grum (D)
  3 small abominations (D)
  6 hell hounds (D)
  Duvessa (D)
  2 water moccasins (D)
  A black bear (D)
  A laughing skull (D)
  A centaur (D)
  2 phantoms (D)
  Blork the orc (D)
  2 necrophages (D)
  An earth elemental (D)
  2 scorpions (D)
  2 wights (D)
  Dowan (D)
  3 quasits (D)
  An iron imp (D)
  2 adder skeletons (D)
  An adder simulacrum (D)
  2 ball pythons (D)
  A bat skeleton (D)
  2 bat zombies (D)
  3 ball python skeletons (D)
  A ball python zombie (D)
  A quokka skeleton (D)
  2 quokka zombies (D)
81 creatures vanquished.

Vanquished Creatures (others)
  2 starspawn tentacles (D)
2 creatures vanquished.

Grand Total: 83 creatures vanquished

Notes
Turn   | Place    | Note
-------+----------+-------------------------------------------
     0 | D        | Groucho the Naga Fighter began the quest for the Orb.
     0 | D        | Reached XP level 1. HP: 21/21 MP: 1/1
    13 | D        | Found a shimmering blue altar of Sif Muna.
    13 | D        | Found a bloodstained altar of Trog.
    13 | D        | Found a sacrificial altar of Ru.
    13 | D        | Found a stormy altar of Qazlal.
    13 | D        | Found an iron altar of Okawaru.
    16 | D        | Found a sparkling altar of Nemelex Xobeh.
    16 | D        | Found the +6 Majin-Bo {spellvamp, MP+6 Int+6}
    16 | D        | Found the +27 heavy crossbow "Sniper" {heavy, Acc+∞ SInv}
    16 | D        | Found the +10 dark maul {heavy}
    16 | D        | Found the +15 Maxwell's patent armour {-Cast -Tele rElec
                  | Will+ rCorr}
    16 | D        | Found the +18 shield of the Gong {Loud rN+ Will+ rCorr
                  | EV-5}
    16 | D        | Found the +16 obsidian axe {drain, demonic, Mesm ^Drain Fly
                  | SInv}
    16 | D        | Found the +7 great mace "Firestarter" {flame, immolate,
                  | rFlCloud rF++}
    16 | D        | Found the +6 shillelagh "Devastator" {shatter}
    16 | D        | Found the +11 plutonium sword {^Contam Stlth-}
    16 | D        | Found the +8 lance "Wyrmbane" {slay drac, rPois rF+ rC+
                  | AC+3}
    16 | D        | Found the +9 sword of Zonguldrok {reap}
    16 | D        | Found the +13 scythe of Curses {drain, curses, ^Drain}
    16 | D        | Found the +9 sword of Power {lifebolt}
    16 | D        | Found the +7 mace of Variability {chaos, chaos arc}
    16 | D        | Found the +11 Singing Sword {sonic wave}
    16 | D        | Found the +8 storm bow {elec, penet}
    17 | D        | Found an ancient bone altar of Kikubaaqudgha.
    17 | D        | Found a corrupted altar of Lugonu.
    17 | D        | Found a transporter.
    17 | D        | Found a burning altar of Makhleb.
    17 | D        | Found a viscous altar of Jiyva.
    17 | D        | Found a hazy altar of Hepliaklqana.
    41 | D        | Found an opulent altar of Gozag.
    45 | D        | Found a blossoming altar of Fedhas.
    70 | D        | Became a worshipper of Cheibriados the Contemplative
    86 | D        | Entered arena 2.
    86 | D        | Found a transporter.
    88 | D        | Reached * piety under Cheibriados
    89 | D        | Reached skill level 1 in Invocations
    97 | D        | Entered arena 3.
    97 | D        | Noticed a necrophage
    97 | D        | Noticed a phantom
    97 | D        | Found a transporter.
   106 | D        | Killed a necrophage
   106 | D        | Killed a phantom
   106 | D        | Reached ** piety under Cheibriados
   107 | D        | Reached skill level 5 in Fighting
   107 | D        | Reached skill level 6 in Invocations
   107 | D        | Reached XP level 2. HP: 29/32 MP: 1/6
   107 | D        | Reached XP level 3. HP: 35/39 MP: 1/7
   107 | D        | Reached XP level 4. HP: 41/46 MP: 1/8
   107 | D        | Reached XP level 5. HP: 47/52 MP: 1/9
   538 | D        | Entered arena 4.
   538 | D        | Noticed a tarantella
   538 | D        | Noticed a jumping spider
   538 | D        | Found a transporter.
   544 | D        | Killed a tarantella
   544 | D        | Reached *** piety under Cheibriados
   544 | D        | Reached **** piety under Cheibriados
   545 | D        | Reached skill level 5 in Armour
   545 | D        | Reached skill level 5 in Shields
   545 | D        | Reached skill level 9 in Invocations
   545 | D        | Reached XP level 6. HP: 58/63 MP: 9/12
   545 | D        | Reached XP level 7. HP: 65/70 MP: 9/13
   551 | D        | Killed a jumping spider
   811 | D        | Entered arena 5.
   811 | D        | Noticed a deep elf sorcerer
   811 | D        | Noticed an air elemental
   811 | D        | Noticed a deep elf pyromancer
   811 | D        | Found a transporter.
   812 | D        | Killed an air elemental
   813 | D        | Reached skill level 10 in Invocations
   814 | D        | Killed a deep elf pyromancer
   814 | D        | Killed a deep elf sorcerer
   815 | D        | Reached skill level 12 in Invocations
   815 | D        | Reached XP level 8. HP: 85/85 MP: 4/17
   815 | D        | Reached XP level 9. HP: 91/91 MP: 4/18
   819 | D        | Reached skill level 13 in Invocations
   988 | D        | Entered arena 6.
   988 | D        | Noticed a deep elf demonologist
   988 | D        | Noticed a deep elf pyromancer
   988 | D        | Noticed a deep elf pyromancer
   988 | D        | Found a transporter.
   989 | D        | Reached ***** piety under Cheibriados
   990 | D        | Noticed a Tzitzimitl
   990 | D        | Killed a deep elf pyromancer
   990 | D        | Killed a deep elf pyromancer
   991 | D        | Reached skill level 10 in Fighting
   991 | D        | Reached skill level 14 in Invocations
   991 | D        | Killed a deep elf demonologist
   992 | D        | Reached skill level 10 in Maces & Flails
   992 | D        | Reached XP level 10. HP: 66/103 MP: 4/20
  1268 | D        | Got the amulet "Voiqi" {Reflect rPois rCorr Str-4 Int+8
                  | SH+5}
  1274 | D        | Got the staff "Widy" {rElec rC++ MP+9 Dex-4 Earth}
  1279 | D        | Entered arena 7.
  1282 | D        | Found a transporter.
  1291 | D        | Reached skill level 5 in Spellcasting
  1342 | D        | Entered arena 8.
  1345 | D        | Found a transporter.
  1367 | D        | Entered arena 9.
  1369 | D        | Reached ****** piety under Cheibriados
  1370 | D        | Found a transporter.
  1393 | D        | Entered arena 10.
  1393 | D        | Noticed Sigmund
  1393 | D        | Noticed Blork the orc
  1393 | D        | Noticed Dowan
  1393 | D        | Noticed Duvessa
  1393 | D        | Noticed Erica
  1393 | D        | Noticed Erolcha
  1393 | D        | Noticed Eustachio
  1393 | D        | Noticed Grum
  1394 | D        | Killed Dowan
  1395 | D        | Killed Grum
  1395 | D        | Killed Eustachio
  1395 | D        | Killed Erolcha
  1395 | D        | Killed Sigmund
  1395 | D        | Killed Duvessa
  1395 | D        | Killed Blork the orc
  1396 | D        | Reached skill level 10 in Armour
  1396 | D        | Reached skill level 10 in Shields
  1396 | D        | Reached XP level 11. HP: 107/111 MP: 11/21
  1396 | D        | Killed Erica
  1397 | D        | Found a transporter.
  1428 | D        | Entered arena 11.
  1428 | D        | Found the +4 consecrated labrys {holy, Valiant ^Fragile Fly
                  | SInv}
  1428 | D        | Found the +8 whip "Snakebite" {venom, curare, rPois}
  1430 | D        | Found a transporter.
  1450 | D        | Entered arena 12.
  1451 | D        | Noticed a four-headed hydra
  1453 | D        | Killed a four-headed hydra
  1455 | D        | Found a transporter.
  1479 | D        | Entered arena 13.
  1479 | D        | Found the +6 arbalest "Damnation" {damnation}
  1479 | D        | Noticed a tentacled starspawn
  1484 | D        | Killed a tentacled starspawn
  1485 | D        | Found a transporter.
  1500 | D        | Got the ring "Yvabbaah" {Ice rN+}
  1503 | D        | Got the ring "Fasufecvi" {Int+6 Dex+4}
  1508 | D        | Got the ring of Vang {rElec rC+ rCorr Stlth-}
  1521 | D        | Entered arena 14.
  1522 | D        | Noticed a searing wretch
  1522 | D        | Noticed a fire giant
  1522 | D        | Noticed a hell hog
  1522 | D        | Noticed a hell hog
  1522 | D        | Noticed a salamander tyrant
  1522 | D        | Found the +8 trishula "Condemnation" {holy, anguish, *Noise
                  | Fly rN+}
  1522 | D        | Noticed a hell hog
  1522 | D        | Noticed a fire giant
  1522 | D        | Noticed a fire giant
  1522 | D        | Noticed a fire giant
  1522 | D        | Noticed a salamander tyrant
  1522 | D        | Noticed a hell hog
  1522 | D        | Noticed a fire giant
  1524 | D        | Killed a hell hog
  1524 | D        | Killed a hell hog
  1524 | D        | Killed a hell hog
  1524 | D        | Killed a hell hog
  1525 | D        | Reached skill level 10 in Spellcasting
  1525 | D        | Reached XP level 12. HP: 54/123 MP: 15/26
  1525 | D        | Killed a salamander tyrant
  1525 | D        | Killed a salamander tyrant
  1525 | D        | Killed from afar by a fire giant

Illustrated notes

Levels and vault maps discovered:
D:        sprint_v [room_start, room_1, room_2, room_3, room_4, room_5, room_6,
          room_7, room_8, room_9, room_10, room_11, room_12, room_13, room_14,
          room_15, room_16, room_17, room_18, room_19, room_20, room_21,
          room_22, room_23, room_24, room_25, room_26, room_27]

Skill      XL: |  1  2  3  4  5  6  7  8  9 10 11 |
---------------+----------------------------------+-----
Invocations    | 6 9 12 14 | 14.0
Shields        | 4 5 8 9 10 11 | 11.5
Fighting       | 5 6 9 10 11 12 | 12.9
Maces & Flails | 4 6 8 10 11 12 | 12.8
Armour         | 4 5 7 8 10 12 | 12.3
Spellcasting   | 3 6 10 | 10.4

Action                     |  1- 3 |  4- 6 |  7- 9 | 10-12 || total
---------------------------+-------+-------+-------+-------++-------
  Melee: Shillelagh        |     7 |     4 |     4 |     6 ||    21
 Invoke: Slouch            |       |       |     5 |    18 ||    23
 Armour: Plate armour      |     5 |     2 |     5 |    21 ||    33
  Block: Kite shield       |    11 |     9 |     9 |    23 ||    52
